 Dungeon Crawl Stone Soup version 0.16.1-30-g34a7ffa (webtiles) character file.

14550 cutslo the Blocker (level 12, -3/93 (94) HPs)
             Began as a Formicid Fighter on June 30, 2015.
             Was an Elder of Dithmenos.
             Slain by a killer bee (7 damage)
             ... on level 10 of the Dungeon.
             The game lasted 01:34:45 (13961 turns).

cutslo the Blocker (Formicid Fighter)              Turns: 13961, Time: 01:34:45

HP:   -3/93 (94)    AC: 25    Str: 22    XL:     12   Next: 46%
MP:   18/18         EV:  9    Int: 10    God:    Dithmenos [****..]
Gold: 704           SH: 13    Dex: 12    Spells: 0 memorised, 11 levels left

rFire  . . .     SeeInvis +     m - +0 battleaxe
rCold  . . .     Clarity  .     F - +0 plate armour
rNeg   . . .     SustAb   .     c - +0 shield
rPois  +         Gourm    .     (helmet unavailable)
rElec  .         Spirit   .     i - +2 cloak
rCorr  +         Warding  .     C - +1 pair of gloves
rMut   .         Stasis   +     (no boots)
MR     +....                    p - amulet of resist corrosion
Stlth  ..........               y - ring of poison resistance
                                W - +5 ring of protection

@: very slightly contaminated, wreathed by umbra, invisible, somewhat resistant
to hostile enchantments, extremely unstealthy
A: permanent stasis, dig shafts and tunnels, four strong arms, antennae 3
a: Dig, Shaft Self, Shadow Step, Renounce Religion


You were on level 10 of the Dungeon.
You worshipped Dithmenos.
Dithmenos was greatly pleased with you.
You were not hungry.

You visited 2 branches of the dungeon, and saw 12 of its levels.

You collected 704 gold pieces.

Inventory:

Hand weapons
 a - a +0 war axe
 f - a +0 whip of freezing
 m - a +0 battleaxe (weapon)
 n - a +1 flail of protection
 w - the +0 flail "Struy" {drain, Int+3}
   (You found it on level 10 of the Dungeon)

   A truly terrible weapon, it drains the life of those it strikes.
   It affects your intelligence (+3).
 x - a +0 morningstar
 N - a +2 mace of protection
 P - a +0 hand axe of chopping
Missiles
 u - 7 javelins
 E - 5 tomahawks
 O - 6 steel tomahawks (quivered)
Armour
 c - a +0 shield (worn)
 i - a +2 cloak (worn)
 A - a +0 chain mail
 C - a +1 pair of gloves (worn)
 F - a +0 plate armour (worn)
Jewellery
 b - an uncursed amulet of faith
 k - an uncursed ring of protection from fire
 p - an amulet of resist corrosion (around neck)
 s - an uncursed ring of positive energy
 y - a ring of poison resistance (right hand)
 W - a +5 ring of protection (left hand)
Magical devices
 I - a wand of disintegration (12)
 K - a wand of digging (14)
 R - a wand of frost (12)
 U - a wand of digging (11)
 V - a wand of polymorph (2)
 Y - a wand of teleportation (0)
Scrolls
 g - 3 scrolls of enchant armour
 q - a scroll of amnesia
 r - 3 scrolls of remove curse
 J - 4 scrolls of enchant weapon
 M - a scroll of recharging
Potions
 h - a potion of restore abilities
 l - a potion of brilliance
 v - a potion of magic
 z - 2 potions of mutation {unknown}
 D - a potion of lignification
 G - a potion of poison
 L - 2 potions of agility {unknown}
 S - a potion of haste
Books
 e - a book of Maledictions

   Spells                             Type                      Level
   a - Corona                         Hexes                        1
   b - Sure Blade                     Hexes/Charms                 2
   c - Ensorcelled Hibernation        Hexes/Ice                    2
   d - Confuse                        Hexes                        3
   e - Dazzling Spray                 Conjuration/Hexes            3
   f - Enslavement                    Hexes                        4
 B - a book of the Sky

   Spells                             Type                      Level
   a - Flight                         Charms/Air                   3
   b - Airstrike                      Air                          4
   c - Silence                        Hexes/Air                    5
   d - Deflect Missiles               Charms/Air                   6
   e - Conjure Ball Lightning         Conjuration/Air              6
   f - Tornado                        Air                          9
Comestibles
 d - 6 bread rations
 j - a beef jerky
 o - a royal jelly
 T - 6 fruits
 X - 2 slices of pizza


   Skills:
 + Level 8.8 Fighting
 + Level 8.1(8.8) Axes
 + Level 5.0(7.2) Maces & Flails
 + Level 2.0 Throwing
 + Level 9.5 Armour
 + Level 6.4 Dodging
 + Level 2.1 Stealth
 + Level 12.6 Shields
 + Level 1.0 Evocations


You had 11 spell levels left.
You didn't know any spells.

Dungeon Overview and Level Annotations

Branches:
Dungeon (11/15)            Temple (1/1) D:4            Lair (0/8) D:8
    Orc: D:9-12

Altars:
Dithmenos
Elyvilon
Fedhas
Gozag
Okawaru
Trog
Xom
Yredelemnul

Shops:
D:8 %   D:10 (


Innate Abilities, Weirdness & Mutations

You are under a permanent stasis effect.
You can dig through walls and to a lower floor.
Your four strong arms can wield two-handed weapons with a shield.
You have a pair of large antennae on your head (SInv).


Message History

You float gracefully downwards.
You block the killer bee's attack. You block the killer bee's attack.
You feel sick.
You are no longer poisoned.
The killer bee stings you but does no damage.
The killer bee stings you but does no damage.
The killer bee barely misses you.
The killer bee stings you but does no damage.
The killer bee barely misses you. The killer bee barely misses you.
The killer bee misses you.
Drink which item? (? for menu, Esc to quit)
Okay, then.
You block the killer bee's attack. The killer bee stings you.
* * * LOW HITPOINT WARNING * * *
The killer bee closely misses you. You block the killer bee's attack.
You block the killer bee's attack. The killer bee stings you!
You die...

..............#...#..............
###########...#...#..............
#....#....'...#...#....#.........
'....#....######'#######.........
#....#....#...#...#..............
##'###....#...#...#..............
..........#...#...#....#######...
..........#...#...#..........#...
..............##@#######.....##'#
.............yyy..#....#.........
..................'....#.........
..................#....#.........
#################################


You could see 3 killer bees.

Vanquished Creatures
  Urug (D:10)
  A hill giant (D:11)
  2 necromancers (D:10)
  Pikel (D:5)
  4 centaur zombies
  A two-headed ogre (D:8)
  3 polar bears
  Grinder (D:3)
  3 trolls
  2 flying skulls (D:10)
  A spriggan (D:7)
  A wyvern (D:10)
  A wraith (D:10)
  2 shadows (D:10)
  18 yaks
  A hippogriff (D:10)
  A steam dragon (D:9)
  2 wolves
  A water moccasin (D:8)
  6 ice beasts
  A black bear (D:6)
  A sky beast (D:7)
  6 orc warriors
  4 ogres
  8 centaurs
  3 necrophages (D:10)
  A crocodile (D:11)
  Sigmund (D:2)
  Duvessa (D:6)
  A big kobold (D:7)
  A giant frog (D:7)
  2 scorpions
  A water moccasin skeleton (D:10)
  4 wights (D:10)
  8 killer bees
  3 wasp zombies (D:10)
  2 crimson imps
  2 goliath beetles
  Dowan (D:6)
  2 giant frog zombies
  3 jellies
  5 hounds
  A wyvern simulacrum (D:9)
  7 iguanas
  Crazy Yiuf (D:2)
  A centaur skeleton (D:10)
  7 orc wizards
  7 orc priests
  5 giant frog skeletons
  A sheep (D:8)
  9 worker ants
  A killer bee zombie (D:10)
  Ijyb (D:3)
  A hound zombie (D:10)
  3 hound skeletons
  A killer bee simulacrum (D:9)
  Robin (D:2)
  3 gnolls (D:2)
  3 adders
  A worker ant zombie (D:10)
  4 shadow imps
  6 white imps (D:9)
  3 giant mites
  A giant eyeball (D:9)
  7 worms
  An ufetubus (D:9)
  An adder zombie (D:10)
  3 giant geckos
  2 oozes
  25 orcs
  3 ball pythons
  14 bats
  A bat zombie (D:8)
  4 giant cockroaches
  13 hobgoblins
  5 jackals
  19 kobolds
  6 quokkas
  A giant gecko skeleton (D:6)
  5 giant newts
  A giant spore (D:7)
  18 goblins
  A jackal zombie (D:5)
  A quokka simulacrum (D:9)
  A quokka zombie (D:5)
  15 rats
  A fungus (D:3)
330 creatures vanquished.

Vanquished Creatures (others)
  A rat (D:9)
1 creature vanquished.

Grand Total: 331 creatures vanquished

Notes
Turn   | Place    | Note
--------------------------------------------------------------
     0 | D:1      | cutslo, the Formicid Fighter, began the quest for the Orb.
     0 | D:1      | Reached XP level 1. HP: 18/18 MP: 1/1
   355 | D:1      | Reached XP level 2. HP: 24/24 MP: 3/3
   848 | D:2      | Reached skill level 4 in Shields
   934 | D:2      | Reached XP level 3. HP: 26/29 MP: 4/4
  1062 | D:2      | Reached XP level 4. HP: 29/37 MP: 5/5
  1461 | D:2      | Reached skill level 1 in Dodging
  1659 | D:2      | Found a shimmering altar of Xom.
  1659 | D:2      | Found a shadowy altar of Dithmenos.
  1659 | D:2      | Noticed Sigmund
  1758 | D:2      | Reached XP level 5. HP: 39/42 MP: 7/7
  1808 | D:2      | Killed Sigmund
  1824 | D:2      | Reached skill level 1 in Maces & Flails
  1926 | D:2      | Noticed Crazy Yiuf
  1938 | D:2      | Killed Crazy Yiuf
  1938 | D:2      | Reached XP level 6. HP: 30/48 MP: 8/8
  2090 | D:2      | Found a bloodstained altar of Trog.
  2106 | D:2      | Became a worshipper of Dithmenos the Shadowed
  2131 | D:3      | Noticed Grinder
  2133 | D:3      | Found a blossoming altar of Fedhas.
  2363 | D:3      | Noticed Robin
  2603 | D:2      | Killed Robin
  2603 | D:2      | Reached skill level 5 in Shields
  2756 | D:3      | Noticed Ijyb
  2772 | D:3      | Killed Ijyb
  3663 | D:3      | Killed Grinder
  3663 | D:3      | Reached XP level 7. HP: 33/55 MP: 9/9
  3837 | D:4      | Reached skill level 1 in Throwing
  3854 | D:4      | Reached skill level 5 in Armour
  3854 | D:4      | Reached skill level 6 in Shields
  4028 | D:4      | Reached XP level 8. HP: 51/61 MP: 11/11
  4181 | D:4      | Found a staircase to the Ecumenical Temple.
  4188 | Temple   | Entered the Ecumenical Temple
  4618 | D:5      | Entered Level 5 of the Dungeon
  4740 | D:5      | Found an iron altar of Okawaru.
  4779 | D:5      | Noticed Pikel
  4836 | D:5      | Killed Pikel
  4836 | D:5      | Reached skill level 5 in Fighting
  4836 | D:5      | Reached skill level 7 in Shields
  4918 | D:5      | Reached XP level 9. HP: 41/68 MP: 12/12
  5035 | D:5      | Reached skill level 1 in Stealth
  5338 | D:5      | Reached skill level 8 in Shields
  5399 | D:5      | Acquired Dithmenos' first power
  6088 | D:6      | Found an opulent altar of Gozag.
  6216 | D:6      | Noticed a hill giant
  6631 | D:6      | Reached skill level 9 in Shields
  6998 | D:6      | Noticed Dowan
  7021 | D:6      | Killed Dowan
  7021 | D:6      | Reached skill level 5 in Maces & Flails
  7149 | D:6      | Noticed Duvessa
  7160 | D:6      | Killed Duvessa
  7363 | D:7      | Reached XP level 10. HP: 48/76 MP: 13/13
  7497 | D:7      | Found a shimmering altar of Xom.
  7827 | D:7      | Acquired Dithmenos' second power
  8175 | D:8      | Found a staircase to the Lair.
  8309 | D:8      | Reached skill level 10 in Shields
  8484 | D:8      | Found Jeriad's Food Shoppe.
  9529 | D:8      | Reached skill level 5 in Axes
  9597 | D:9      | Reached skill level 5 in Dodging
  9674 | D:9      | HP: 3/77 [troll (10)]
 10051 | D:9      | Reached skill level 11 in Shields
 10051 | D:9      | Reached XP level 11. HP: 30/84 MP: 15/15
 10356 | D:9      | Acquired Dithmenos' third power
 10928 | D:10     | Entered Level 10 of the Dungeon
 10930 | D:10     | Noticed Urug
 10950 | D:10     | Killed Urug
 10958 | D:10     | Got an encrusted flail
 10967 | D:10     | Identified the +0 flail "Struy" {drain, Int+3} (You found it on level 10 of the Dungeon)
 10989 | D:10     | Found Ghaepp's Weapon Emporium.
 11521 | D:10     | Noticed a necromancer
 11542 | D:10     | Killed a necromancer
 12442 | D:10     | Noticed a necromancer
 12486 | D:10     | Killed a necromancer
 12486 | D:10     | Reached skill level 12 in Shields
 12790 | D:10     | Reached XP level 12. HP: 76/93 MP: 17/17
 12953 | D:10     | Reached skill level 1 in Evocations
 13300 | D:11     | Noticed a four-headed hydra
 13958 | D:10     | HP: 3/93 [killer bee (4)]
 13961 | D:10     | Slain by a killer bee

Action                   |  1- 3 |  4- 6 |  7- 9 | 10-12 || total
-------------------------+-------+-------+-------+-------++-------
Melee: War axe           |    45 |       |       |       ||    45
       Flail             |       |   294 |   303 |       ||   597
       Whip              |       |       |    56 |       ||    56
       Battleaxe         |       |       |    69 |   855 ||   924
       Hand axe          |       |       |    29 |       ||    29
       Morningstar       |       |       |       |     4 ||     4
Throw: Stone             |       |    11 |       |     1 ||    12
       Tomahawk          |       |     6 |     1 |    37 ||    44
Evoke: Wand              |       |       |       |    10 ||    10
  Use: Scroll            |       |       |    12 |     8 ||    20
       Potion            |       |       |       |    15 ||    15
 Stab: Invisible         |       |       |       |     1 ||     1
  Eat: Chunk             |       |     7 |     9 |    21 ||    37
       Pizza             |       |     1 |       |       ||     1
       Meat ration       |       |       |     1 |       ||     1
       Fruit             |       |       |       |     2 ||     2
